 Dungeon Crawl Stone Soup version 0.20.1-1-g8b1a95d (webtiles) character file.

347534 Inarius the Lord of Darkness (level 21, -3/167 HPs)
             Began as a Demonspawn Necromancer on July 8, 2017.
             Was the Champion of Kikubaaqudgha.
             Slain by a shambling mangrove (13 damage)
             ... on level 4 of the Swamp on July 15, 2017.
             The game lasted 06:31:17 (61541 turns).

Inarius the Lord of Darkness (DsNe)                Turns: 61541, Time: 06:31:18

Health: -3/167     AC: 23    Str: 19    XL:     21   Next: 52%
Magic:  16/53      EV:  8    Int: 34    God:    Kikubaaqudgha [******]
Gold:   1995       SH: 16    Dex: 24    Spells: 6/44 levels left

rFire    . . .     SeeInvis +   U - +8 dagger "Cookie Cutter" {pierce, Int+4}
rCold    + . .     Gourm    +   A - +4 shield {reflect}
rNeg     . . .     Faith    .   L - +4 chain mail "Rufess" {rPois Int+2}
rPois    +         Spirit   .   i - +0 hat of Recklessness {rElec Regen+ Int+2}
rElec    +         Reflect  +   v - scarf of Ducehiosh {Str+7}
rCorr    .         Harm     .   (gloves unavailable)
MR       +....     Clarity  +   r - +2 pair of boots {Fly}
Stlth    +++++.....             t - amulet of the gourmand
Regen    0.8/turn               M - +5 ring of intelligence
MPRegen  0.4/turn               V - ring "Peots" {MP+9 Str+2 Dex+4}

@: grasped by roots, very slow
A: claws 3, horns 1, talons 1, thin metallic scales 3, see invisible, agile 1,
clarity, cold resistance 1, high mp 2, nightstalker 3, poison resistance, spiny
2, subdued magic 1, MP-powered wands
}: 1/15 runes: gossamer
a: Receive Corpses, Torment, Renounce Religion, Evoke Flight


You were on level 4 of the Swamp.
You worshipped Kikubaaqudgha.
Kikubaaqudgha was exalted by your worship.
You were very full.

You visited 8 branches of the dungeon, and saw 38 of its levels.
You visited the Abyss 1 time.
You also visited: Labyrinth, Trove and Ice Cave.

You collected 4315 gold pieces.
You spent 2320 gold pieces at shops.

Inventory:

Hand Weapons
 U - the +8 dagger "Cookie Cutter" (weapon) {pierce, Int+4}
   (You bought it in a shop on level 13 of the Dungeon)

   It inflicts extra damage upon your enemies.
   It affects your intelligence (+4).
Armour
 g - a +5 shield of fire resistance
 i - the +0 hat of Recklessness (worn) {rElec Regen+ Int+2}
   (You found it in a treasure trove)

   It affects your intelligence (+2).
   It insulates you from electricity.
   It increases your rate of regeneration.
 r - a +2 pair of boots of flying (worn)
 v - the scarf of Ducehiosh (worn) {Str+7}
   (You found it in a treasure trove)

   It affects your strength (+7).
 A - a +4 shield of reflection (worn)
 L - the +4 chain mail "Rufess" (worn) {rPois Int+2}
   (You bought it in a shop on level 2 of the Orcish Mines)

   It affects your intelligence (+2).
   It protects you from poison.
 N - a +2 cloak of magic resistance
Jewellery
 d - the ring of Uskayaw's Favour {+Inv rElec rC- Str+3 Dex+6}
   (You took it off a centaur warrior on level 14 of the Dungeon)

   [ring of strength]

   It affects your strength (+3).
   It affects your dexterity (+6).
   It makes you vulnerable to cold.
   It insulates you from electricity.
   It lets you turn invisible.
 n - a +4 amulet of reflection
 p - an uncursed ring of positive energy
 t - an amulet of the gourmand (around neck)
 E - an uncursed ring of protection from magic
 F - an uncursed ring of protection from fire
 M - a +5 ring of intelligence (left claw)
 V - the ring "Peots" (right claw) {MP+9 Str+2 Dex+4}
   (You bought it in a shop on level 2 of the Orcish Mines)

   [ring of magical power]

   It affects your strength (+2).
   It affects your dexterity (+4).
   It affects your magic capacity (+9).
 W - an uncursed ring of protection from cold
Wands
 K - a wand of lightning (7/15)
 P - a wand of iceblast (9/15)
 Q - a wand of digging (18/24)
 S - a wand of acid (3/15)
 Z - a wand of lightning (10/15)
Scrolls
 a - a scroll of identify
 c - a scroll of blinking
 f - 10 scrolls of remove curse
 h - 3 scrolls of magic mapping
 q - 2 scrolls of amnesia
 w - 8 scrolls of fear
 z - 8 scrolls of teleportation
 C - 10 scrolls of fog
 D - a scroll of brand weapon
 H - a scroll of recharging
 I - 2 scrolls of immolation
Potions
 e - 11 potions of curing
 j - 2 potions of brilliance
 m - 3 potions of mutation
 s - 2 potions of might
 x - 7 potions of ambrosia
 B - a potion of resistance
 J - 6 potions of agility
 O - 2 potions of haste
 Y - a potion of magic
Books
 k - a Necronomicon

   Spells                             Type                      Level
   a - Haunt                          Necromancy/Summoning         7
   b - Borgnjor's Revivification      Necromancy                   8
   c - Death's Door                   Charms/Necromancy            8
   d - Infestation                    Necromancy                   8
   e - Necromutation                  Transmutation/Necromancy     8
 y - the Grimoire of Calling
   (You found it on level 1 of the Elven Halls)

   Spells                             Type                      Level
   a - Summon Butterflies             Summoning                    1
   b - Recall                         Summoning/Translocation      3
   c - Summon Demon                   Summoning                    5
   d - Malign Gateway                 Summoning/Translocation      7
Miscellaneous
 b - a sack of spiders
 u - a lamp of fire
 X - a crystal ball of energy
Comestibles
 l - 27 fruits
 o - 9 bread rations
 G - 14 meat rations
 R - 10 royal jellies


   Skills:
 * Level 14.8 Fighting
 + Level 8.7 Short Blades
   Level 5.0 Maces & Flails
 + Level 10.3 Armour
 + Level 6.8 Dodging
 * Level 11.0 Stealth
 - Level 7.0 Shields
 - Level 3.1 Unarmed Combat
 - Level 12.2 Spellcasting
 + Level 8.1 Charms
 * Level 24.2 Necromancy
 - Level 6.0 Ice Magic
 - Level 8.0 Evocations


You had 6 spell levels left.
You knew the following spells:

 Your Spells              Type           Power        Failure   Level  Hunger
a - Simulacrum            Ice/Necr       #######...   12%         6    ####...
b - Animate Skeleton      Necr           N/A          0%          1    None
c - Vampiric Draining     Necr           #######...   0%          3    None
d - Animate Dead          Necr           N/A          0%          4    None
e - Regeneration          Chrm/Necr      #######...   1%          3    None
f - Control Undead        Necr           #######...   0%          4    None
g - Agony                 Necr           #######.     1%          5    None
h - Dispel Undead         Necr           #######.     1%          5    None
i - Sublimation of Blood  Necr           #######...   0%          2    None
j - Excruciating Wounds   Chrm/Necr      #######...   1%          5    None


Dungeon Overview and Level Annotations

Branches:
Dungeon (15/15)            Temple (1/1) D:4            Lair (6/6) D:11
  Swamp (4/4) Lair:3       Spider (4/4) Lair:3        Slime (0/5) Lair:6
    Orc (2/2) D:9             Elf (2/3) Orc:2        Vaults (4/5) D:13
  Crypt (0/3) Vaults:2     Depths (0/5) D:15

Altars:
Ashenzari
Cheibriados
Dithmenos
Elyvilon
Fedhas
Gozag
Hepliaklqana
Kikubaaqudgha
Makhleb
Nemelex Xobeh
Okawaru
Qazlal
Ru
Sif Muna
Trog
Uskayaw
Vehumet
Xom
Yredelemnul
Zin
The Shining One
Beogh
Jiyva

Shops:
D:4 *   D:13 (   Orc:2 [}%}=   Elf:1 *   Elf:2 }!   Vaults:1 [   Vaults:3 *

Annotations:
Lair:2 Joseph
Orc:1 1 runed door, exclusion: 2 orange crystal statues


Innate Abilities, Weirdness & Mutations

You have claws for hands.
You are completely covered in thin metallic scales. (AC +4, rElec)
Your flesh is cold resistant. (rC+)
You are completely attuned to the shadows.
You are mostly covered in sharp spines.
You have a pair of small horns on your head.
You have sharp toenails.
You have supernaturally acute eyesight. (SInv)
You are agile. (Dex +2)
You possess an exceptional clarity of mind.
You have a considerably increased reservoir of magic. (+20% MP)
Your system is resistant to poisons. (rPois)
Your spells are a little easier to cast, but a little less powerful.
You expend magic power (3 MP) to strengthen your wands.


Message History

Unknown command.
Unknown command.
Unknown command.
Casting: Vampiric Draining
Confirm with . or Enter, or press ? or * to list all spells.
Aiming: Vampiric Draining
Press: ? - help, Shift-Dir - straight line, f/p - six-headed hydra
Aim: a six-headed hydra (severely wounded, unusually strong)
The six-headed hydra is almost dead.
You feel life coursing into your body. The six-headed hydra bites you.
* * * LOW HITPOINT WARNING * * *
The six-headed hydra barely misses you.
The six-headed hydra bites you but does no damage.
You block the six-headed hydra's attack.
The six-headed hydra bites you!!
* * * LOW HITPOINT WARNING * * *
You block the six-headed hydra's attack.
The shambling mangrove hits you!
You die...
Kikubaaqudgha rasps: "You have failed me!
Welcome... death!"

### ..#♣♣..
♣≈≈...♣
♣♣.≈♣.§
♣.§≈≈♣♣ .
♣♣♣♣[≈≈.≈♣ ≈≈
♣≈.!@))..♣.≈≈
♣♣..fD.D<§≈≈≈
...........≈≈
≈≈≈≈≈≈≈.....≈≈
≈≈≈≈≈...♣....≈
≈≈≈≈≈..♣♣.≈≈≈


You could see a shambling mangrove, an eight-headed hydra and a six-headed
hydra.

Vanquished Creatures
  Bai Suzhen (Swamp:3)
  Arachne (Spider:2)
  A tentacled monstrosity (Swamp:4)
  A tentacled starspawn (Abyss:3)
  Frances (Spider:1)
  A thorn hunter (Swamp:2)
  A sphinx (Vaults:2)
  A frost giant (Vaults:4)
  2 deep elf sorcerers
  An orc warlord (Orc:2)
  4 ghost moths
  Aizul (Spider:4)
  Louise (Spider:3)
  11 vault wardens
  A ghoul (Vaults:2)
  7 emperor scorpions
  18 ironheart preservers
  2 entropy weavers
  5 stone giants
  4 deep elf demonologists
  A spark wasp (Spider:4)
  A deep elf annihilator (Vaults:3)
  A crystal guardian (Vaults:3)
  A deep elf death mage (Elf:1)
  An eidolon (Vaults:2)
  A minotaur (Lab)
  7 yaktaur captains
  3 great orbs of eyes
  3 rakshasas
  A great orb of eyes (shapeshifter) (Vaults:2)
  A deep elf high priest (D:14)
  8 vault guards
  5 fire dragons
  Fannar (Lair:1)
  A ghost crab (Swamp:2)
  2 ice dragons
  Erica (Lair:1)
  11 hydras
  5 alligators
  11 centaur warriors
  34 dancing weapons
  3 death knights
  The ghost of Thomus the Cleaver, a novice MiBe of Trog (Lab)
  22 two-headed ogres
  A deep troll shaman (Vaults:3)
  A death yak (Lair:6)
  6 ogre magi
  3 deep troll earth magi
  Urug (D:13)
  Sonja (Lair:4)
  17 deep elf knights
  A soul eater (Vaults:2)
  A sixfirhy (Abyss:3)
  2 shadow wraiths
  22 skeletal warriors
  A fire crab (shapeshifter) (D:15)
  11 deep trolls
  A sea snake (shapeshifter) (D:15)
  2 unseen horrors
  A wizard (Vaults:2)
  A glowing orange brain (D:15)
  A spriggan druid (Swamp:4)
  21 orc knights
  A harpy (shapeshifter) (D:15)
  9 swamp dragons
  A glowing orange brain (shapeshifter) (Elf:2)
  14 ironbrand convokers
  2 lindwurms
  14 deep elf archers
  2 flayed ghosts
  Pikel (D:8)
  4 necromancers
  9 harpies
  22 wolf spiders
  3 orc sorcerers
  9 orb spiders
  49 deep elf magi
  A frost giant zombie (Vaults:2)
  4 large abominations
  A manticore (D:15)
  A sphinx skeleton (Vaults:3)
  40 ugly things
  8 cyclopes
  4 moths of wrath
  5 elephants
  A centaur zombie (D:14)
  9 vault sentinels
  2 guardian serpents (shapeshifter)
  An apocalypse crab (Abyss:4)
  An elephant (shapeshifter) (Vaults:3)
  An ice statue (IceCv)
  3 black mambas
  4 centaur skeletons
  A gargoyle (D:14)
  An orange demon (Abyss:3)
  A smoke demon (Abyss:3)
  12 spiny frogs
  2 rime drakes
  29 yaktaurs
  11 freezing wraiths
  9 demonic crawlers
  2 yaktaurs (shapeshifter)
  4 komodo dragons (Lair:1)
  A redback zombie (D:15)
  An ice devil (Abyss:3)
  3 efreet
  A tengu conjurer (D:14)
  14 trolls
  3 meliai (D:14)
  23 jumping spiders
  A minotaur skeleton (Lab)
  A blink frog (shapeshifter) (D:15)
  5 bog bodies
  16 hornets
  5 hippogriffs
  2 ettin zombies
  A raiju (Abyss:3)
  2 tyrant leeches
  30 slime creatures
  10 blink frogs
  2 human simulacra (Vaults:2)
  3 air elementals
  64 redbacks
  6 spriggans
  3 shadows
  A tarantella (shapeshifter) (Vaults:2)
  26 tarantellas
  4 wraiths
  Eustachio (D:4)
  A wyvern (Lair:4)
  36 yaks
  8 basilisks
  A death yak simulacrum (IceCv)
  4 hogs (Spider:3)
  4 hungry ghosts
  A fire elemental (Orc:2)
  Grum (D:9)
  16 vampire mosquitoes
  2 chaos spawn (Abyss:3)
  5 swamp worms
  13 wargs
  A yaktaur simulacrum (Vaults:3)
  A swamp worm (shapeshifter) (Vaults:1)
  A deep troll zombie (Vaults:2)
  3 acid dragons (Vaults:2)
  9 water moccasins
  4 soldier ants
  14 porcupines
  7 swamp drakes
  A hornet zombie (D:14)
  4 sky beasts
  51 orc warriors
  5 ice beasts
  2 starcursed masses (Abyss:3)
  A black bear (D:11)
  2 phantoms
  2 eyes of draining (shapeshifter) (Vaults:2)
  An eye of draining (D:13)
  3 slaves (D:8)
  31 wolves
  24 ogres
  5 boggarts
  12 centaurs
  8 crocodiles
  A human skeleton (Vaults:2)
  2 human zombies (Vaults:2)
  6 big kobolds
  11 bullfrogs
  A gnoll sergeant (D:10)
  2 small abominations (Abyss:3)
  A glowing shapeshifter simulacrum (Vaults:3)
  4 earth elementals
  A wyvern skeleton (D:14)
  24 scorpions
  An elephant simulacrum (IceCv)
  47 killer bees
  An elf simulacrum (Vaults:1)
  2 howler monkeys (D:5)
  A wight (D:9)
  3 electric eels (Lair:3)
  A crimson imp (D:11)
  A bullfrog zombie (D:6)
  3 draconian simulacra (IceCv)
  A quasit (Abyss:3)
  9 hounds
  14 orc priests
  2 iguanas
  15 orc wizards
  9 worker ants
  A hell rat (D:14)
  2 troll simulacra (IceCv)
  A spriggan simulacrum (IceCv)
  2 wolf simulacra (IceCv)
  2 ogre zombies (D:9)
  2 centaur simulacra
  5 gnolls
  7 adders
  2 ogre simulacra (IceCv)
  4 shadow imps
  5 white imps (IceCv)
  An ooze (D:2)
  An adder zombie (D:5)
  A worm (D:2)
  4 dart slugs
  A leopard gecko (D:4)
  92 orcs
  2 ball pythons
  5 bats
  6 giant cockroaches
  7 goblins
  6 hobgoblins
  13 jackals
  31 kobolds
  3 quokkas
  A frilled lizard (D:5)
  A hobgoblin zombie (D:9)
  A jackal skeleton (D:9)
  A leopard gecko skeleton (D:4)
  2 orc skeletons (D:9)
  4 orc zombies (D:9)
  A quokka skeleton (D:4)
  6 rats
1483 creatures vanquished.

Vanquished Creatures (collateral kills)
  Nikola (Swamp:1)
  Jorgrun (Swamp:3)
  Kirke (Spider:3)
  Roxanne (Spider:3)
  A tengu reaver (Vaults:4)
  Donald (Swamp:2)
  A ghost moth (Spider:1)
  A vault warden (Vaults:3)
  An emperor scorpion (Spider:2)
  A stone giant (Vaults:3)
  A very ugly thing (D:15)
  2 deep elf annihilators
  A dire elephant (Lair:6)
  An ettin (Vaults:4)
  The ghost of Morg0th the Bludgeoner, a journeyman MiFi of Okawaru (Orc:2)
  Josephine (Lair:4)
  A fire dragon (Vaults:3)
  A yaktaur captain (Vaults:3)
  8 hydras
  A vault guard (Vaults:3)
  An ice dragon (Vaults:4)
  A centaur warrior (Vaults:2)
  An alligator (Swamp:2)
  4 two-headed ogres
  A dancing weapon (Elf:2)
  A death yak (Lair:6)
  An ogre mage (Vaults:4)
  2 deep elf knights
  3 skeletal warriors
  A deep troll (Vaults:2)
  A spriggan druid (Swamp:3)
  4 swamp dragons
  3 ironbrand convokers
  2 deep elf archers (Elf:1)
  6 deep elf magi
  2 harpies
  2 lindwurms (Lair:6)
  3 orc knights
  A shambling mangrove (Swamp:4)
  10 orb spiders
  A harpy (shapeshifter) (D:15)
  10 wolf spiders
  An orc sorcerer (Orc:1)
  A necromancer (IceCv)
  A cyclops (Vaults:2)
  5 ugly things
  Maurice (D:9)
  2 black mambas
  An elephant (Lair:6)
  A spiny frog (Lair:6)
  3 vault sentinels
  A centaur skeleton (D:13)
  2 rime drakes
  6 demonic crawlers
  A komodo dragon (Lair:4)
  4 freezing wraiths (IceCv)
  10 yaktaurs
  4 hornets
  10 jumping spiders
  3 tyrant leeches
  6 blink frogs
  2 hippogriffs
  A bog body (Swamp:3)
  13 slime creatures
  3 dream sheep
  23 redbacks
  2 spriggans (Swamp:3)
  11 tarantellas
  2 basilisks
  An air elemental (Elf:2)
  2 wraiths (Lair:4)
  2 yaks
  A hungry ghost (D:9)
  6 vampire mosquitoes
  6 swamp worms
  2 wargs
  3 insubstantial wisps (Swamp:3)
  A soldier ant (D:13)
  A water moccasin (Lair:5)
  An acid dragon (Vaults:2)
  2 swamp drakes
  2 ice beasts
  8 orc warriors
  A phantom (D:5)
  A slave (D:8)
  A boggart (Vaults:1)
  21 wolves
  3 ogres
  2 crocodiles
  A human zombie (Vaults:2)
  2 bullfrogs
  7 scorpions (Spider:2)
  2 troll zombies (D:9)
  3 killer bees (D:14)
  2 wights (D:9)
  An electric eel (Lair:3)
  A draconian simulacrum (IceCv)
  A hound (D:14)
  5 orc wizards
  An orc priest (Orc:2)
  3 troll simulacra (IceCv)
  2 centaur simulacra (IceCv)
  4 ogre zombies (D:9)
  3 naga simulacra (IceCv)
  An ogre simulacrum (IceCv)
  7 white imps (IceCv)
  10 orcs
  A giant cockroach (D:3)
  2 jackals
  A kobold (D:2)
  A quokka (D:2)
  3 bats
  A frilled lizard (D:3)
  A giant cockroach zombie (D:5)
  A goblin skeleton (D:9)
  A hobgoblin skeleton (D:9)
  A hobgoblin zombie (D:9)
  An orc skeleton (D:9)
  14 orc zombies (D:9)
  2 rats
  2 fungi
  2 plants
366 creatures vanquished.

Vanquished Creatures (others)
  An orc warlord (Orc:1)
  A hydra (Lair:6)
  A dancing weapon (D:13)
  A death yak (Lair:6)
  An orc high priest (Orc:1)
  The ghost of StormFighter the Cleaver, a novice GrBe of Trog (D:7)
  An unseen horror (D:12)
  A deep elf mage (Vaults:1)
  An ugly thing (D:13)
  A cyclops (D:11)
  An elephant (Lair:6)
  2 spiny frogs (Lair:3)
  A rime drake (Lair:6)
  2 yaktaurs (Vaults:4)
  A polar bear (Lair:6)
  A blink frog (Lair:1)
  2 hippogriffs (Lair:4)
  2 shadows
  10 yaks
  A wraith (Lair:4)
  A swamp worm (Swamp:3)
  A water moccasin (Lair:1)
  A swamp drake (Swamp:3)
  3 ice beasts
  3 orc warriors (Orc:1)
  A boggart (Vaults:2)
  A wolf (Lair:3)
  2 centaurs
  A crocodile (Lair:3)
  A bullfrog (Lair:2)
  A scorpion (D:11)
  6 killer bees (D:13)
  A draconian simulacrum (IceCv)
  An orc priest (D:8)
  2 centaur skeletons
  An orc wizard (Orc:1)
  A bullfrog skeleton (D:10)
  An iguana (D:12)
  A worker ant (D:9)
  A kobold (D:8)
  11 fungi
  5 plants
  2 starspawn tentacles (Abyss:3)
82 creatures vanquished.

Grand Total: 1931 creatures vanquished

Notes
Turn   | Place    | Note
-------+----------+-------------------------------------------
     0 | D:1      | Inarius the Demonspawn Necromancer began the quest for the Orb.
     0 | D:1      | Reached XP level 1. HP: 13/13 MP: 3/3
    42 | D:1      | Learned a level 1 spell: Animate Skeleton
   399 | D:1      | Gained mutation: You are slightly more attuned to the shadows. [demonic ancestry]
   399 | D:1      | Reached XP level 2. HP: 9/20 MP: 1/5
   731 | D:1      | Reached skill level 5 in Necromancy
  1063 | D:1      | Gained mutation: You have sharp fingernails. [demonic ancestry]
  1063 | D:1      | Reached XP level 3. HP: 21/25 MP: 1/6
  1148 | D:1      | Reached skill level 1 in Fighting
  1316 | D:2      | Learned a level 3 spell: Vampiric Draining
  1672 | D:2      | Gained mutation: You have very sharp fingernails. [demonic ancestry]
  1672 | D:2      | Reached XP level 4. HP: 32/32 MP: 7/7
  2125 | D:3      | Reached skill level 1 in Armour
  2463 | D:2      | Gained mutation: You are significantly more attuned to the shadows. [demonic ancestry]
  2463 | D:2      | Reached XP level 5. HP: 32/37 MP: 0/8
  2633 | D:3      | Learned a level 4 spell: Animate Dead
  2661 | D:3      | Reached skill level 6 in Necromancy
  2709 | D:3      | Found a shadowy altar of Dithmenos.
  2729 | D:3      | Found a hazy altar of Hepliaklqana.
  2735 | D:3      | Found a hide-covered altar of Uskayaw.
  2735 | D:3      | Found a shimmering altar of Xom.
  2742 | D:3      | Found a blossoming altar of Fedhas.
  2762 | D:3      | Found a bloodstained altar of Trog.
  3176 | D:4      | Found Coezoriv's General Store.
  3182 | D:4      | Bought a scroll of enchant armour for 82 gold pieces
  3182 | D:4      | Bought a +0 pair of boots for 49 gold pieces
  3549 | D:4      | Noticed Eustachio
  3578 | D:4      | Killed Eustachio
  3578 | D:4      | Gained mutation: You are partially covered in sharp spines. [demonic ancestry]
  3578 | D:4      | Reached XP level 6. HP: 41/44 MP: 8/10
  3638 | D:4      | Found a staircase to the Ecumenical Temple.
  3647 | Temple   | Entered the Ecumenical Temple
  4015 | D:4      | Reached skill level 1 in Shields
  4345 | D:5      | Entered Level 5 of the Dungeon
  4354 | D:5      | Gained mutation: You are partially covered in thin metallic scales. (AC +2) [demonic ancestry]
  4354 | D:5      | Reached XP level 7. HP: 21/51 MP: 2/11
  4362 | D:5      | Learned a level 3 spell: Regeneration
  4513 | D:5      | Reached skill level 7 in Necromancy
  5143 | D:6      | Gained mutation: You are mostly covered in thin metallic scales. (AC +3) [demonic ancestry]
  5143 | D:6      | Reached XP level 8. HP: 45/58 MP: 13/13
  5334 | D:6      | Found a shattered altar of Ashenzari.
  5970 | D:7      | Noticed StormFighter's ghost (novice GrBe)
  6349 | D:7      | Reached skill level 8 in Necromancy
  6498 | D:7      | Banished StormFighter's ghost
  6498 | D:7      | Reached skill level 1 in Maces & Flails
  6592 | D:7      | Got a transparent trident
  7004 | D:8      | Reached XP level 9. HP: 60/66 MP: 10/16
  7311 | D:8      | Noticed Pikel
  7382 | D:8      | Reached skill level 5 in Spellcasting
  7442 | D:8      | Reached skill level 9 in Necromancy
  7452 | D:8      | Killed Pikel
  7801 | D:9      | Reached skill level 5 in Fighting
  8069 | D:9      | Learned a level 4 spell: Control Undead
  8150 | D:9      | Found a staircase to the Orcish Mines.
  8154 | D:9      | Noticed Maurice
  8168 | D:9      | Killed Maurice
  8168 | D:9      | Reached skill level 10 in Necromancy
  8176 | D:9      | Reached XP level 10. HP: 64/76 MP: 7/19
  8641 | D:9      | Noticed a three-headed hydra
  8825 | D:9      | Noticed Grum
  8846 | D:9      | Killed Grum
  9095 | D:9      | Found an ancient bone altar of Kikubaaqudgha.
  9101 | D:9      | Became a worshipper of Kikubaaqudgha
  9247 | D:9      | Identified the +1 trident of Compound Interest {pain, rN+ Str-5 Int+4} (You found it on level 7 of the Dungeon)
  9285 | D:10     | Entered Level 10 of the Dungeon
 10043 | D:11     | Noticed a cyan ugly thing
 10053 | D:11     | Killed a cyan ugly thing
 10053 | D:11     | Reached skill level 11 in Necromancy
 10074 | D:11     | Gained mutation: You have an increased reservoir of magic. (+10% MP) [mutagenic meat]
 10075 | D:11     | Gained mutation: You possess an exceptional clarity of mind. [mutagenic meat]
 10224 | D:11     | Found a frozen archway.
 10273 | IceCv    | Entered an ice cave
 10440 | IceCv    | Reached XP level 11. HP: 84/84 MP: 24/24
 10667 | IceCv    | Reached * piety under Kikubaaqudgha
 10667 | IceCv    | Identified Kikubaaqudgha's Disquisition on Stolen Souls (Kikubaaqudgha gifted it to you in an ice cave)
 10667 | IceCv    | Received a gift from Kikubaaqudgha
 11402 | IceCv    | Found an ancient bone altar of Kikubaaqudgha.
 11694 | IceCv    | Reached ** piety under Kikubaaqudgha
 11698 | IceCv    | Noticed a necromancer
 11728 | IceCv    | Killed a necromancer
 11821 | IceCv    | Got a pair of spiked gloves
 11827 | IceCv    | Identified the +2 pair of gloves of Viexihecs {Dex+3} (You found it in an ice cave)
 12263 | D:11     | Found a staircase to the Lair.
 12331 | D:11     | Reached skill level 1 in Evocations
 12797 | D:12     | Noticed a brown ugly thing
 12807 | D:12     | Killed a brown ugly thing
 12908 | D:12     | Noticed an unseen horror
 12916 | D:12     | Banished an unseen horror
 13339 | D:13     | Reached skill level 5 in Stealth
 13664 | D:13     | Reached *** piety under Kikubaaqudgha
 13664 | D:13     | Identified Kikubaaqudgha's Compendium of Evil (Kikubaaqudgha gifted it to you on level 13 of the Dungeon)
 13664 | D:13     | Received a gift from Kikubaaqudgha
 13680 | D:13     | Reached skill level 12 in Necromancy
 13744 | D:13     | Learned a level 5 spell: Agony
 13750 | D:13     | Learned a level 5 spell: Dispel Undead
 13784 | D:13     | Found Limnyupt's Antique Weapon Emporium.
 13805 | D:13     | Noticed a purple ugly thing
 13813 | D:13     | Killed a purple ugly thing
 13816 | D:13     | Gained mutation: You can translocate small distances at will. [mutagenic meat]
 13817 | D:13     | Gained mutation: Your spells are a little easier to cast, but a little less powerful. [mutagenic meat]
 13845 | D:13     | Reached skill level 5 in Shields
 13878 | D:13     | Noticed an enchanted long sword
 13879 | D:13     | Found a gate to the Vaults.
 13880 | D:13     | Noticed an enchanted long sword
 13888 | D:13     | Killed an enchanted long sword
 13895 | D:13     | Banished an enchanted long sword
 13928 | D:13     | Noticed a five-headed hydra
 13940 | D:13     | Killed a five-headed hydra
 13940 | D:13     | Reached skill level 1 in Charms
 13940 | D:13     | Gained mutation: You are completely attuned to the shadows. [demonic ancestry]
 13940 | D:13     | Reached XP level 12. HP: 83/94 MP: 15/26
 14102 | D:13     | Noticed Urug
 14126 | D:13     | Killed Urug
 14470 | Lair:1   | Entered Level 1 of the Lair of Beasts
 14471 | Lair:1   | Noticed Fannar
 14823 | Lair:1   | Noticed Erica
 15037 | Lair:1   | Killed Fannar
 15037 | Lair:1   | Reached skill level 13 in Necromancy
 15429 | Lair:1   | Killed Erica
 15518 | Lair:1   | Noticed a seven-headed hydra
 15523 | Lair:1   | Killed a seven-headed hydra
 15750 | Lair:2   | Reached **** piety under Kikubaaqudgha
 15907 | Lair:2   | Noticed Joseph
 16405 | Lair:2   | Noticed a seven-headed hydra
 16410 | Lair:2   | Killed a seven-headed hydra
 17011 | Lair:3   | Found a staircase to the Swamp.
 17142 | Lair:3   | Got a polished war axe
 17150 | Lair:3   | Identified the cursed +1 war axe "Emion" {drain, +Blink +Rage Dex+2} (You found it on level 3 of the Lair of Beasts)
 17311 | D:13     | Bought a bloodstained dagger for 168 gold pieces
 17311 | D:13     | Bought a brightly glowing hand axe for 192 gold pieces
 17311 | D:13     | Identified the +3 hand axe "Gafineco" {holy, Str+3} (You bought it in a shop on level 13 of the Dungeon)
 17560 | Lair:3   | Reached skill level 5 in Maces & Flails
 17642 | Lair:3   | Found a hole to the Spider Nest.
 17653 | Lair:3   | Reached XP level 13. HP: 84/101 MP: 29/29
 17917 | Lair:3   | Reached skill level 5 in Armour
 18122 | Lair:4   | Noticed Sonja
 18135 | Lair:4   | Killed Sonja
 18344 | Lair:4   | Noticed Josephine
 18354 | Lair:4   | Killed Josephine
 18354 | Lair:4   | Reached skill level 14 in Necromancy
 19395 | Lair:5   | Reached ***** piety under Kikubaaqudgha
 20210 | Lair:6   | Entered Level 6 of the Lair of Beasts
 20308 | Lair:6   | Found a radiant altar of Vehumet.
 20455 | Lair:6   | Reached skill level 10 in Fighting
 20549 | Lair:6   | Reached skill level 5 in Dodging
 20850 | Lair:6   | Reached skill level 15 in Necromancy
 21275 | Lair:6   | Noticed a dire elephant
 21288 | Lair:6   | Killed a dire elephant
 21399 | Lair:6   | Reached XP level 14. HP: 88/110 MP: 19/30
 21654 | Lair:6   | Found a viscous altar of Jiyva.
 21655 | Lair:6   | Found a staircase to the Slime Pits.
 22075 | Orc:1    | Entered Level 1 of the Orcish Mines
 22558 | Orc:1    | Found a runed door.
 22578 | Orc:1    | Found a runed door.
 22858 | Orc:1    | HP: 3/111 [two-headed ogre/giant club[an orange crystal statue] (15)]
 23130 | Orc:1    | Noticed an orc warlord
 23305 | Orc:1    | Banished an orc warlord
 23358 | Orc:2    | Entered Level 2 of the Orcish Mines
 23392 | Orc:2    | Found a staircase to the Elven Halls.
 23432 | Orc:2    | Found Fobaruer's Jewellery Boutique.
 23443 | Orc:2    | Noticed Morg0th's ghost (journeyman MiFi)
 23477 | Orc:2    | Found a labyrinth entrance.
 23504 | Lab      | Entered a labyrinth
 24157 | Lab      | Reached skill level 16 in Necromancy
 24317 | Lab      | Noticed Thomus's ghost (novice MiBe)
 24322 | Lab      | Killed Thomus's ghost
 24585 | Lab      | Identified the +8 dagger "Cookie Cutter" {pierce, Int+4} (You bought it in a shop on level 13 of the Dungeon)
 24639 | Lab      | Got a brightly glowing falchion
 24641 | Lab      | Identified the +5 falchion of Oozing Pus {slice, Str+3} (You found it in a labyrinth)
 24667 | Lab      | Learned a level 2 spell: Sublimation of Blood
 24802 | Orc:2    | Killed Morg0th's ghost
 25133 | Orc:2    | Reached skill level 1 in Short Blades
 25275 | Orc:2    | Found Lotaett's Food Shop.
 25392 | Orc:1    | Reached ****** piety under Kikubaaqudgha
 25416 | Orc:1    | Gained mutation: You have large cloven feet. [mutagenic meat]
 25417 | Orc:1    | Lost mutation: You have large cloven feet. [mutagenic meat]
 25418 | Orc:1    | Gained mutation: You have a considerably increased reservoir of magic. (+20% MP) [mutagenic meat]
 25420 | Orc:1    | Gained mutation: You expend magic power (3 MP) to strengthen your wands. [mutagenic meat]
 25909 | Orc:2    | Found Xemuv's Gadget Shoppe.
 26040 | Orc:2    | Found a roughly hewn altar of Beogh.
 26543 | Orc:2    | Found Haisosy's Antique Armour Shop.
 26558 | Orc:2    | Bought an encrusted shield for 266 gold pieces
 26558 | Orc:2    | Bought a jacinth-encrusted chain mail for 266 gold pieces
 26574 | Orc:2    | Identified the cursed +0 shield of Caegosoi {rN+ Dex+2} (You bought it in a shop on level 2 of the Orcish Mines)
 26586 | Orc:2    | Identified the +4 chain mail "Rufess" {rPois Int+2} (You bought it in a shop on level 2 of the Orcish Mines)
 26590 | Orc:2    | Found Zumabixtu's Gadget Shoppe.
 26890 | Orc:2    | Bought the ring "Peots" {MP+9 Str+2 Dex+4} for 594 gold pieces
 26892 | Orc:2    | Bought a +5 ring of intelligence for 618 gold pieces
 27440 | D:14     | Found a runed door.
 27872 | D:14     | Found a portal to a secret trove of treasure.
 27894 | Trove    | Entered a treasure trove
 27908 | Trove    | Got a slimy scale mail
 27912 | Trove    | Got a shimmering hat
 27918 | Trove    | Got a dazzling scarf
 27922 | Trove    | Got a transparent buckler
 27924 | Trove    | Got a pair of translucent boots
 27930 | Trove    | Got a translucent scale mail
 27968 | Trove    | Identified the +0 hat of Recklessness {rElec Regen+ Int+2} (You found it in a treasure trove)
 27978 | Trove    | Identified the scarf of Ducehiosh {Str+7} (You found it in a treasure trove)
 27981 | Trove    | Got a scorched scale mail
 28025 | D:14     | Identified the -5 buckler "Heomen" {MR+} (You found it in a treasure trove)
 28065 | D:14     | Identified the +0 pair of boots of the First Snow {+Blink rF+ MR-} (You found it in a treasure trove)
 28085 | D:14     | Identified the +2 scale mail "Teohocra" {Str+5} (You found it in a treasure trove)
 28095 | D:14     | Identified the cursed +1 scale mail of the Moon {Str+4} (You found it in a treasure trove)
 28106 | D:14     | Identified the +1 scale mail of Ziczimej {+Fly rF+ Str-5 Int+5} (You found it in a treasure trove)
 28439 | D:14     | Got a jewelled ring mail
 28477 | D:14     | Identified the cursed +0 ring mail of the Sailor {rN+ Regen+ Int+4 Dex-5} (You found it on level 14 of the Dungeon)
 28897 | D:14     | Reached XP level 15. HP: 74/117 MP: 34/34
 28917 | D:14     | Reached skill level 17 in Necromancy
 28942 | D:14     | Identified the Collected Works on Calling
 28980 | D:15     | Entered Level 15 of the Dungeon
 28985 | D:15     | Reached skill level 10 in Spellcasting
 29032 | D:15     | Gained mutation: You have sharp toenails. [mutagenic meat]
 29111 | D:15     | Learned a level 5 spell: Excruciating Wounds
 29156 | D:15     | Got a smoking ring mail
 29168 | D:15     | Identified the +3 ring mail "Zanaif" {Str+5 Dex-3} (You found it on level 15 of the Dungeon)
 29612 | D:15     | Found a runed door.
 29737 | D:15     | Lost mutation: You can translocate small distances at will. [mutagenic meat]
 29739 | D:15     | Gained mutation: You have supernaturally acute eyesight. (SInv) [mutagenic meat]
 30099 | D:15     | Found a staircase to the Depths.
 30114 | D:15     | Gained mutation: Your system is resistant to poisons. (rPois) [mutagenic meat]
 30115 | D:15     | Gained mutation: You evolve. [mutagenic meat]
 30559 | D:15     | Got a translucent plate armour
 30570 | D:15     | Identified the +2 plate armour of Monotheism {rPois} (You found it on level 15 of the Dungeon)
 30995 | Orc:2    | Noticed an orc warlord
 31006 | Orc:2    | Killed an orc warlord
 31303 | D:13     | Gained mutation: You are agile. (Dex +2) [evolution]
 31303 | D:13     | Lost mutation: You evolve. [end of evolution]
 31418 | D:14     | Reached skill level 5 in Charms
 31472 | D:14     | Reached skill level 5 in Short Blades
 31478 | D:14     | Got a twitching tin ring
 31726 | Swamp:1  | Entered Level 1 of the Swamp
 31828 | Swamp:1  | Identified the ring of Uskayaw's Favour {+Inv rElec rC- Str+3 Dex+6} (You took it off a centaur warrior on level 14 of the Dungeon)
 32346 | Swamp:1  | Noticed Nikola
 32358 | Swamp:1  | Killed Nikola
 32583 | Swamp:1  | Gained mutation: You have claws for hands. [demonic ancestry]
 32583 | Swamp:1  | Reached XP level 16. HP: 81/126 MP: 37/37
 32928 | Swamp:2  | Noticed a thorn hunter
 33060 | Swamp:2  | Reached skill level 18 in Necromancy
 33385 | Swamp:2  | Noticed a thorn hunter
 33394 | Swamp:2  | Killed a thorn hunter
 33397 | Swamp:2  | Noticed Donald
 33402 | Swamp:2  | Killed Donald
 34098 | Swamp:3  | Noticed Bai Suzhen
 34113 | Swamp:3  | Killed Bai Suzhen
 34122 | Swamp:3  | Noticed Jorgrun
 34307 | Swamp:3  | Killed Jorgrun
 35043 | Spider:1 | Entered Level 1 of the Spider Nest
 35593 | Spider:1 | Lost mutation: You possess an exceptional clarity of mind. [mutagenic meat]
 35594 | Spider:1 | Gained mutation: You have a pair of small horns on your head. [mutagenic meat]
 35596 | Spider:1 | Lost mutation: You have a considerably increased reservoir of magic. (+20% MP) [mutagenic meat]
 35655 | Spider:1 | Reached skill level 1 in Unarmed Combat
 35861 | Spider:1 | Noticed Frances
 35874 | Spider:1 | Killed Frances
 36919 | Spider:2 | Learned a level 6 spell: Simulacrum
 37332 | Spider:2 | Reached skill level 19 in Necromancy
 37413 | Spider:2 | Noticed Arachne
 37430 | Spider:2 | Killed Arachne
 37430 | Spider:2 | Reached XP level 17. HP: 48/133 MP: 18/35
 38181 | Spider:3 | Noticed Roxanne
 38182 | Spider:3 | Noticed Louise
 38218 | Spider:3 | Killed Louise
 38691 | Spider:3 | HP: 3/133 [disintegration (38)]
 38829 | Spider:3 | Killed Roxanne
 39142 | Spider:3 | Gained mutation: You are frail. (-10% HP) [mutagenic meat]
 39143 | Spider:3 | Gained mutation: You possess an exceptional clarity of mind. [mutagenic meat]
 39145 | Spider:3 | Lost mutation: You are frail. (-10% HP) [mutagenic meat]
 40386 | Elf:1    | Entered Level 1 of the Elven Halls
 40594 | Orc:2    | Reached skill level 1 in Ice Magic
 40847 | Elf:1    | Reached skill level 5 in Evocations
 40848 | Elf:1    | Received a gift from Kikubaaqudgha
 41163 | Elf:1    | Got a crude robe
 41174 | Elf:1    | Identified the +2 robe of Polytheism {rF- Dex+4 Slay+2} (You found it on level 1 of the Elven Halls)
 41790 | Elf:1    | Found Ditsixoj's General Store.
 41818 | Elf:1    | Found a deep blue altar of Sif Muna.
 42036 | Elf:1    | Identified the Grimoire of Calling
 42315 | Elf:1    | Cast into level 3 of the Abyss (a deep elf sorcerer)
 42654 | Abyss:3  | Reached skill level 20 in Necromancy
 42728 | Abyss:3  | Found a corrupted altar of Lugonu.
 42907 | Elf:1    | Escaped the Abyss
 42951 | Elf:2    | Found Fex Puabe's Distillery.
 42980 | Elf:2    | Gained mutation: Your flesh is cold resistant. (rC+) [demonic ancestry]
 42980 | Elf:2    | Reached XP level 18. HP: 82/142 MP: 32/37
 43058 | Elf:1    | Gained mutation: You have a considerably increased reservoir of magic. (+20% MP) [mutagenic meat]
 43170 | Elf:2    | Bought a potion of heal wounds for 85 gold pieces
 43271 | Elf:2    | Found Tocorajueti's Gadget Shop.
 43682 | Elf:2    | Found a runed gate.
 43682 | Elf:2    | Found a runed gate.
 43682 | Elf:2    | Found a runed gate.
 44548 | Elf:2    | Noticed a Tzitzimitl
 45599 | Spider:4 | Entered Level 4 of the Spider Nest
 45628 | Spider:4 | Noticed Kirke
 46103 | Spider:3 | Killed Kirke
 47147 | Spider:4 | Noticed Aizul
 47170 | Spider:4 | Killed Aizul
 47349 | Spider:4 | Reached skill level 5 in Ice Magic
 48142 | Spider:4 | Got a gossamer rune of Zot
 48757 | Vaults:1 | Entered Level 1 of the Vaults
 48806 | Vaults:1 | Found Joimourr's Armour Shop.
 48995 | Vaults:1 | Gained mutation: You are mostly covered in sharp spines. [demonic ancestry]
 48995 | Vaults:1 | Reached XP level 19. HP: 80/149 MP: 18/42
 49461 | Vaults:1 | Reached skill level 21 in Necromancy
 52840 | Vaults:2 | Found a staircase to the Crypt.
 53130 | Vaults:2 | Reached skill level 22 in Necromancy
 53377 | Vaults:2 | Reached XP level 20. HP: 133/159 MP: 23/43
 53680 | Vaults:2 | Paralysed by an ogre mage for 5 turns
 56000 | Vaults:2 | Reached skill level 23 in Necromancy
 56428 | Vaults:3 | Reached skill level 10 in Stealth
 56899 | Vaults:3 | Got a vibrating jade ring
 56900 | Vaults:3 | Identified the ring "Efijaq" {Ice +Fly rPois Int-4} (You found it on level 3 of the Vaults)
 56904 | Vaults:3 | Found Cukhlydaed's Assorted Antiques.
 58348 | Vaults:3 | Paralysed by an ogre mage for 6 turns
 58369 | Vaults:3 | Gained mutation: You are completely covered in thin metallic scales. (AC +4, rElec) [demonic ancestry]
 58369 | Vaults:3 | Reached XP level 21. HP: 17/166 MP: 16/44
 58535 | Vaults:3 | Reached skill level 10 in Armour
 59976 | Vaults:4 | Reached skill level 24 in Necromancy
 61117 | Swamp:4  | Entered Level 4 of the Swamp
 61327 | Swamp:4  | Paralysed by a hornet for 3 turns
 61541 | Swamp:4  | Slain by a shambling mangrove

Skill      XL: |  1  2  3  4  5  6  7  8  9 10 11 12 13 14 15 16 17 18 19 20 21 |
---------------+----------------------------------------------------------------+-----
Necromancy     | 5 6 7 8 10 11 12 13 15 16 17 19 20 22 23 24 | 24.2
Fighting       | 1 2 3 4 5 7 8 9 10 11 12 13 14 | 14.8
Armour         | 1 2 3 4 6 7 8 9 10 | 10.3
Dodging        | 2 3 4 5 6 |  6.8
Stealth        | 2 3 4 5 6 7 8 9 10 11 | 11.0
Spellcasting   | 3 4 6 7 8 9 10 11 12 | 12.2
Shields        | 1 2 3 4 5 6 7 |  7.0
Maces & Flails | 1 2 3 4 5 |  5.0
Evocations     | 2 3 4 5 7 8 |  8.0
Charms         | 1 2 3 5 7 8 |  8.1
Short Blades   | 3 5 6 7 8 |  8.7
Unarmed Combat | 2 3 |  3.1
Ice Magic      | 3 5 6 |  6.0

Action                   |  1- 3 |  4- 6 |  7- 9 | 10-12 | 13-15 | 16-18 | 19-21 || total
-------------------------+-------+-------+-------+-------+-------+-------+-------++-------
Melee: Whip              |    54 |   104 |   210 |   721 |   556 |       |       ||  1645
       Dagger            |       |       |       |       |  1094 |  1513 |  2069 ||  4676
       Kick              |       |       |       |       |     4 |       |       ||     4
       Unarmed           |       |       |       |       |       |   441 |       ||   441
       Headbutt          |       |       |       |       |       |   471 |   780 ||  1251
 Cast: Animate Skeleton  |    17 |    19 |    17 |    30 |    31 |     9 |     9 ||   132
       Pain              |    35 |    32 |    46 |    33 |     5 |       |       ||   151
       Vampiric Draining |     1 |     9 |    20 |   107 |   222 |   161 |   203 ||   723
       Animate Dead      |       |     1 |     1 |    20 |    78 |   102 |   114 ||   316
       Regeneration      |       |       |     4 |    22 |    25 |    65 |    66 ||   182
       Control Undead    |       |       |     5 |    25 |    13 |     9 |     7 ||    59
       Agony             |       |       |       |     9 |    23 |   124 |   113 ||   269
       Dispel Undead     |       |       |       |       |    24 |     9 |    63 ||    96
       Simulacrum        |       |       |       |       |       |     1 |     5 ||     6
       Sublimation of Bl |       |       |       |       |       |       |     3 ||     3
Invok: Receive Corpses   |       |       |       |       |     4 |     9 |     2 ||    15
       Receive Necronomi |       |       |       |       |       |     1 |       ||     1
 Abil: Stop Flying       |       |       |       |       |     1 |       |     1 ||     2
       Evoke Flight      |       |       |       |       |       |       |     1 ||     1
Evoke: Wand              |       |       |       |    11 |    14 |    13 |       ||    38
       Lamp of fire      |       |       |       |       |     3 |     1 |       ||     4
  Use: Scroll            |       |     3 |     4 |    16 |    20 |    23 |     7 ||    73
       Potion            |       |     1 |       |     6 |     9 |    19 |       ||    35
 Stab: Sleeping          |     4 |     6 |    12 |    29 |    40 |    37 |    28 ||   156
       Distracted        |       |     1 |     1 |     7 |    22 |    42 |    21 ||    94
       Confused          |       |       |       |       |       |     2 |       ||     2
       Invisible         |       |       |       |       |       |     3 |       ||     3
       Petrifying        |       |       |       |       |       |     2 |       ||     2
  Eat: Chunk             |     3 |    10 |    12 |    28 |    66 |    86 |    51 ||   256
       Bread ration      |       |       |     1 |     6 |       |       |       ||     7
       Fruit             |       |       |       |       |    11 |     6 |       ||    17
Armor: Leather armour    |    11 |    31 |    88 |   182 |       |       |       ||   312
       Ring mail         |       |    16 |       |       |       |       |       ||    16
       Robe              |       |       |       |     2 |       |       |       ||     2
       Scale mail        |       |       |       |    95 |   353 |       |       ||   448
       Chain mail        |       |       |       |       |   468 |   940 |   672 ||  2080
       Skin              |       |       |       |       |     6 |       |       ||     6
       Fire dragon scale |       |       |       |       |       |     8 |       ||     8
Dodge: Dodged            |    35 |    65 |   105 |   295 |   510 |   658 |   511 ||  2179
Block: Shield            |       |       |    49 |   344 |  1055 |  1719 |  1508 ||  4675
       Reflection        |       |       |       |       |       |     6 |    24 ||    30
